 Dungeon Crawl Stone Soup version 0.19.1 (webtiles) character file.

2123 Mefis the Thaumaturge (level 9, -1/48 HPs)
             Began as a Deep Elf Wizard on Dec 14, 2016.
             Slain by a wight
             ... wielding a cursed +4 scimitar
              (7 damage)
             ... on level 6 of the Dungeon.
             The game lasted 00:11:14 (8456 turns).

Mefis the Thaumaturge (Deep Elf Wizard)             Turns: 8456, Time: 00:11:15

Health: -1/48      AC:  5    Str:  4    XL:     9   Next: 8%
Magic:  2/24       EV: 14    Int: 31    God:
Gold:   401        SH:  0    Dex: 13    Spells: 7 memorised, 12 levels left

rFire  . . .     SeeInvis .     x - +4 mace (venom)
rCold  + . .     Gourm    +     a - +0 robe
rNeg   . . .     Faith    .     (no shield)
rPois  .         Spirit   .     b - +0 hat
rElec  .         Reflect  .     (no cloak)
rCorr  .         Harm     .     (no gloves)
MR     .....                    q - +2 pair of boots
Stlth  +++.......               u - amulet of the gourmand
                                o - +4 ring of intelligence
                                l - ring of protection from cold

@: repel missiles, drained
A: no striking features
a: no special abilities


You were on level 6 of the Dungeon.
You were full.

You visited 1 branch of the dungeon, and saw 7 of its levels.

You collected 401 gold pieces.

Inventory:

Hand Weapons
 g - a +0 short sword
 i - a +0 hunting sling
 x - a +4 mace of venom (weapon)
 y - a +1 short sword of protection
 z - a +3 morningstar
 A - a +2 quarterstaff of draining
 G - a cursed -1 hand axe
Missiles
 t - 35 poisoned needles
Armour
 a - a +0 robe (worn)
 b - a +0 hat (worn)
 q - a +2 pair of boots (worn)
Jewellery
 e - an uncursed amulet of rage {unknown}
 l - a ring of protection from cold (left hand)
 o - a +4 ring of intelligence (right hand)
 u - an amulet of the gourmand (around neck)
 F - an uncursed amulet of rage {unknown}
Scrolls
 f - 3 scrolls of random uselessness
 h - 3 scrolls of fog
 k - 2 scrolls of fear
 m - a scroll of noise {unknown}
 n - a scroll of enchant weapon {unknown}
 p - 5 scrolls of teleportation
 r - 2 scrolls of immolation
 B - a scroll of recharging {unknown}
 C - 2 scrolls of enchant armour
Potions
 j - 2 potions of resistance
 v - a potion of berserk rage {unknown}
 w - a potion of mutation {unknown}
 D - a potion of haste {unknown}
 E - a potion of beneficial mutation {unknown}
Books
 c - a book of Minor Magic

   Spells                             Type                      Level
   a - Magic Dart                     Conjuration                  1
   b - Blink                          Translocation                2
   c - Call Imp                       Summoning                    2
   d - Repel Missiles                 Charms/Air                   2
   e - Slow                           Hexes                        2
   f - Conjure Flame                  Conjuration/Fire             3
   g - Mephitic Cloud                 Conjuration/Poison/Air       3
Comestibles
 d - 5 bread rations
 s - 3 beef jerkies
 H - a meat ration


   Skills:
 + Level 2.0(1.2) Fighting
 + Level 5.4(4.5) Dodging
 + Level 6.3(5.4) Stealth
 * Level 9.5(8.6) Spellcasting
 + Level 4.2(3.4) Conjurations
 + Level 1.5(0.7) Hexes
 + Level 1.7(0.9) Charms
 - Level 2.9(2.1) Summonings
 + Level 1.8(1.0) Translocations
 - Level 3.4(2.6) Air Magic
 - Level 3.7(2.9) Poison Magic


You had 12 spell levels left.
You knew the following spells:

 Your Spells              Type           Power        Failure   Level  Hunger
a - Magic Dart            Conj           ####         1%          1    None
b - Call Imp              Summ           ####....     2%          2    None
c - Blink                 Tloc           N/A          4%          2    None
d - Repel Missiles        Chrm/Air       ###...       3%          2    None
e - Mephitic Cloud        Conj/Pois/Air  ####....     3%          3    None
f - Conjure Flame         Conj/Fire      ###.....     8%          3    None
g - Slow                  Hex            ###.....     6%          2    None


Dungeon Overview and Level Annotations

Branches:
Dungeon (7/15)
 Temple: D:4-7

Altars:
Gozag
Nemelex Xobeh
Okawaru
Qazlal
Uskayaw
Xom
The Shining One


Message History

The wight hits you from afar with a spear of freezing!
* * * LOW HITPOINT WARNING * * *
The wight hits you with an enchanted scimitar.
* * * LOW HITPOINT WARNING * * *
You feel drained.
* * * LOW HITPOINT WARNING * * *
A wight comes into view. It is wielding an enchanted trident.
The wight moves out of view.
There is a stone staircase leading up here.
The wight completely misses you.
You climb upwards.
There is a stone staircase leading down here.
Casting: Magic Dart
Confirm with . or Enter, or press ? or * to list all spells.
You blink.
Casting: Blink
Confirm with . or Enter, or press ? or * to list all spells.
You blink.
The wight hits you with an enchanted scimitar!
You die...

#.# ####.# #.####.##.#
#.......#.#
######.##.# #.##.#
############ #.##.#
...........######>##.#
..............§z..##.#
############.###@###.#
# #.# #.....# #
#.###.##### # #.....#
# #######


You could see a wight.

Vanquished Creatures
  The ghost of Nydiazath the Covert, a novice SpEn (D:6)
  A black bear (D:6)
  An orc warrior (D:7)
  An ice beast (D:5)
  A necrophage (D:6)
  4 ogres
  A centaur (D:3)
  4 wights (D:6)
  2 howler monkeys
  A bullfrog zombie (D:5)
  A hound (D:6)
  3 jellies
  A quasit (D:5)
  An orc priest (D:4)
  A bullfrog skeleton (D:5)
  3 orc wizards (D:4)
  A centaur skeleton (D:7)
  2 iguanas
  7 worker ants
  A hound zombie (D:5)
  6 adders
  2 shadow imps (D:5)
  3 worms
  2 dart slugs (D:1)
  2 leopard geckos
  10 orcs
  3 bats
  7 giant cockroaches
  5 goblins
  9 hobgoblins
  6 jackals
  2 quokkas
  4 frilled lizards
  9 kobolds
  12 rats
120 creatures vanquished.

Notes
Turn   | Place    | Note
-------+----------+-------------------------------------------
     0 | D:1      | Mefis the Deep Elf Wizard began the quest for the Orb.
     0 | D:1      | Reached XP level 1. HP: 10/10 MP: 7/7
   373 | D:1      | Reached XP level 2. HP: 15/15 MP: 4/9
   377 | D:1      | Learned a level 2 spell: Call Imp
   380 | D:1      | Learned a level 2 spell: Blink
   383 | D:1      | Learned a level 2 spell: Repel Missiles
  1178 | D:2      | Reached skill level 5 in Spellcasting
  1178 | D:2      | Reached XP level 3. HP: 19/19 MP: 4/11
  1183 | D:2      | Learned a level 3 spell: Mephitic Cloud
  1778 | D:2      | Found a hide-covered altar of Uskayaw.
  2211 | D:2      | Reached XP level 4. HP: 24/24 MP: 5/13
  2219 | D:2      | Learned a level 3 spell: Conjure Flame
  3463 | D:3      | Noticed a centaur
  3472 | D:3      | Killed a centaur
  3472 | D:3      | Reached skill level 6 in Spellcasting
  3472 | D:3      | Reached skill level 1 in Air Magic
  3472 | D:3      | Reached skill level 1 in Poison Magic
  3472 | D:3      | Reached XP level 5. HP: 28/28 MP: 5/15
  4125 | D:4      | Reached XP level 6. HP: 16/32 MP: 4/17
  4942 | D:4      | Found an opulent altar of Gozag.
  5292 | D:5      | Entered Level 5 of the Dungeon
  5529 | D:5      | Noticed an ice beast
  5680 | D:5      | Killed an ice beast
  5680 | D:5      | Reached skill level 7 in Spellcasting
  5680 | D:5      | Reached XP level 7. HP: 36/36 MP: 3/19
  6110 | D:5      | Reached skill level 5 in Stealth
  6982 | D:6      | Reached XP level 8. HP: 42/42 MP: 11/21
  6986 | D:6      | Reached skill level 8 in Spellcasting
  7168 | D:6      | Reached skill level 1 in Fighting
  7674 | D:6      | Noticed Nydiazath's ghost (novice SpEn)
  7683 | D:6      | Killed Nydiazath's ghost
  7683 | D:6      | Reached skill level 5 in Dodging
  7683 | D:6      | Reached skill level 9 in Spellcasting
  7744 | D:6      | Learned a level 2 spell: Slow
  7848 | D:6      | Found an iron altar of Okawaru.
  7848 | D:6      | Found a shimmering altar of Xom.
  7853 | D:6      | Found a sparkling altar of Nemelex Xobeh.
  7858 | D:6      | Reached skill level 1 in Hexes
  7861 | D:6      | Found a glowing golden altar of the Shining One.
  7862 | D:6      | Found a stormy altar of Qazlal.
  7953 | D:6      | Reached skill level 1 in Charms
  7953 | D:6      | Reached XP level 9. HP: 45/48 MP: 11/24
  8456 | D:6      | Slain by a wight

Skill      XL: |  1  2  3  4  5  6  7  8  9 |
---------------+----------------------------+-----
Stealth        | 3 4 5 6 |  6.3
Spellcasting   | 5 6 7 9 |  9.5
Conjurations   | 2 3 4 |  4.2
Dodging        | 3 4 5 |  5.4
Air Magic      | 1 2 3 |  3.4
Poison Magic   | 1 2 3 |  3.7
Summonings     | 2 |  2.9
Fighting       | 1 2 |  2.0
Hexes          | 1 |  1.5
Charms         | 1 |  1.7
Translocations | |  1.8

Action                   |  1- 3 |  4- 6 |  7- 9 || total
-------------------------+-------+-------+-------++-------
Melee: Short sword       |    13 |    10 |       ||    23
       Mace              |       |    14 |     9 ||    23
 Cast: Magic Dart        |   104 |   176 |   188 ||   468
       Repel Missiles    |     1 |     1 |       ||     2
       Mephitic Cloud    |       |     6 |     8 ||    14
       Conjure Flame     |       |     1 |     5 ||     6
       Blink             |       |     1 |     3 ||     4
  Use: Scroll            |       |     4 |     2 ||     6
       Potion            |       |       |     1 ||     1
 Stab: Sleeping          |       |     5 |       ||     5
  Eat: Chunk             |     3 |    21 |     6 ||    30
Armor: Robe              |     5 |    12 |    12 ||    29
Dodge: Dodged            |    30 |    38 |    33 ||   101
       Deflected         |     3 |       |       ||     3
